Map: 绿色温室 - 天梯版 (虚空)

Players

ShoWTimE - Winner!

  • Race: Protoss Protoss
  • Spawn Location: 1:00

Jim

  • Race: Protoss Protoss
  • Spawn Location: 7:00

Event: WESG 2016 Finals

VOD

Have the link to the VOD?

Description

Time

  • Played on: Jan. 13, 2017, 5:08 a.m.
  • Length: 6:06

All games in this series

Show
View Real Time Build Order
Export as new Build Order

ShoWTimE Protoss - Winner!

Build Orders:  

Get SALT Encoding   

  12  0:01  Probe (Chrono Boost)  
  13  0:11  Probe (Chrono Boost)  
  14  0:17  Pylon  
  14  0:22  Probe (Chrono Boost)  
  15  0:35  Probe (Chrono Boost)  
  16  0:36  Gateway  
  16  0:43  Assimilator  
  16  0:46  Probe (Chrono Boost)  
  17  0:50  Assimilator  
  17  0:56  Probe (Chrono Boost)  
  18  1:07  Probe (Chrono Boost)  
  18  1:08  Gateway  
  19  1:17  Probe (Chrono Boost)  
  20  1:24  Cybernetics Core  
  20  1:30  Probe (Chrono Boost)  
  21  1:35  Pylon  
  21  1:40  Probe (Chrono Boost)  
  22  1:47  Warp Gate  
  22  1:51  Probe (Chrono Boost)  
  23  2:00  Stalker x2  
  27  2:07  Probe (Chrono Boost)  
  28  2:12  Pylon  
  28  2:21  Mothership Core (Chrono Boost)  
  30  2:31  Stalker  
  30  2:34  Stalker  
  34  2:58  Nexus  
  34  3:09  Stalker  
  34  3:24  Stalker  
  37  3:28  Probe (Chrono Boost)  
  37  3:37  Twilight Council  
  37  3:39  Pylon  
  37  3:40  Probe (Chrono Boost)  
  37  3:52  Probe (Chrono Boost)  
  35  4:04  Probe (Chrono Boost)  
  35  4:06  Stalker  
  35  4:10  Probe (Chrono Boost)  
  35  4:13  Stalker  
  35  4:16  Probe (Chrono Boost)  
  39  4:18  Dark Shrine  
  39  4:21  Probe (Chrono Boost)  
  40  4:28  Probe (Chrono Boost)  
  39  4:31  Probe (Chrono Boost)  
  39  4:35  Stalker  
  42  4:42  Stalker  
  42  4:45  Probe x2 (Chrono Boost)  
  46  4:56  Probe (Chrono Boost)  
  46  4:57  Probe (Chrono Boost)  
  48  5:06  Probe (Chrono Boost)  
  49  5:07  Gateway  
  49  5:09  Probe (Chrono Boost)  
  50  5:17  Probe (Chrono Boost), Pylon  
  50  5:21  Probe (Chrono Boost)  
  52  5:22  Pylon  
  52  5:27  Probe (Chrono Boost)  
  53  5:36  Dark Templar x2, Pylon  
  53  5:39  Probe (Chrono Boost)  
  53  5:41  Probe (Chrono Boost)  
  59  5:49  Pylon  
  59  5:50  Probe (Chrono Boost)  
  59  5:53  Probe (Chrono Boost)  
  59  6:02  Dark Templar  
Show
View Real Time Build Order
Export as new Build Order

Jim Protoss 

Build Orders: Phoenix Opening 

Get SALT Encoding   

  12  0:00  Probe (Chrono Boost)  
  13  0:11  Probe (Chrono Boost)  
  14  0:19  Pylon  
  14  0:22  Probe (Chrono Boost)  
  15  0:37  Probe (Chrono Boost)  
  15  0:38  Gateway  
  16  0:48  Probe (Chrono Boost)  
  17  0:56  Assimilator  
  17  0:58  Probe (Chrono Boost)  
  17  1:00  Assimilator  
  18  1:09  Probe (Chrono Boost)  
  19  1:13  Gateway  
  19  1:19  Probe (Chrono Boost)  
  20  1:26  Cybernetics Core  
  20  1:30  Probe (Chrono Boost)  
  21  1:36  Pylon  
  21  1:40  Probe (Chrono Boost)  
  22  1:51  Probe (Chrono Boost)  
  23  2:01  Probe (Chrono Boost)  
  23  2:04  Adept x2, Warp Gate  
  28  2:10  Pylon  
  28  2:12  Probe (Chrono Boost)  
  29  2:23  Probe (Chrono Boost)  
  29  2:26  Stargate  
  30  2:39  Mothership Core (Chrono Boost)  
  34  2:58  Stalker  
  34  2:59  Stalker  
  34  3:02  Pylon  
  34  3:03  Probe (Chrono Boost)  
  32  3:20  Probe (Chrono Boost)  
  32  3:28  Nexus  
  32  3:29  Phoenix  
  33  3:36  Probe (Chrono Boost)  
  34  3:51  Phoenix  
  34  3:52  Pylon  
  37  3:56  Probe (Chrono Boost)  
  35  4:09  Mothership Core (Chrono Boost)  
  35  4:13  Stalker x2  
  36  4:30  Probe (Chrono Boost)  
  37  4:32  Pylon  
  37  4:37  Stalker x2  
  41  4:42  Probe (Chrono Boost)  
  41  4:54  Probe (Chrono Boost), Phoenix  
  43  5:00  Stalker  
  43  5:05  Zealot  
  47  5:12  Probe (Chrono Boost)  
  49  5:14  Probe (Chrono Boost)  
  49  5:20  Stalker  
  51  5:24  Stalker  
  51  5:28  Probe (Chrono Boost)  
  54  5:35  Probe (Chrono Boost)  
  55  5:39  Probe (Chrono Boost)  
  56  5:45  Probe (Chrono Boost), Robotics Facility  
  56  5:49  Probe (Chrono Boost)  
  58  5:56  Probe (Chrono Boost)  
Tags
 
Add a new tag
Caveats
  • Supply blocks, unpowered buildings, or Contaminate may cause inaccurate times.
  • Supply counts are checked every 10 seconds.